 Dungeon Crawl Stone Soup version 0.26.1-11-gd32895ea62 (webtiles) character file.

Game seed: 8981104267461489688

4169 Zeld the Geomancer (level 10, -3/59 HPs)
             Began as a Gargoyle Earth Elementalist on June 12, 2021.
             Was a Follower of Sif Muna.
             Slain by an orc warrior
             ... wielding a +0 scimitar
              (8 damage)
             ... on level 8 of the Dungeon.
             The game lasted 00:13:44 (9879 turns).

Zeld the Geomancer (Gargoyle Earth Elementalist)    Turns: 9879, Time: 00:13:44

Health: -3/59      AC: 14    Str: 11    XL:     10   Next: 28%
Magic:  29/29      EV:  7    Int: 20    God:    Sif Muna [*.....]
Gold:   194        SH:  0    Dex: 10    Spells: 8/23 levels left

rFire    . . .     SeeInvis .   (no weapon)
rCold    . . .     Faith    .   h - +2 buckler {AC+3}
rNeg     + . .     Spirit   .   c - +0 robe
rPois    ∞         Reflect  .   r - +0 helmet
rElec    +         Harm     .   (no cloak)
rCorr    .         Rampage  .   (no gloves)
Will     +....                  g - +0 pair of boots
Stlth    +++.......             (no amulet)
HPRegen  0.19/turn              C - ring of magical power
MPRegen  0.21/turn              E - ring of willpower

@: held
A: negative energy resistance 1, electricity resistance, unbreathing,
petrification resistance, miasma immunity, AC +7
a: Renounce Religion, Channel Magic


You were on level 8 of the Dungeon.
You worshipped Sif Muna.
Sif Muna was aware of your devotion.
You visited 2 branches of the dungeon, and saw 9 of its levels.

You collected 477 gold pieces.
You spent 283 gold pieces at shops.

Inventory:

Missiles
 q - 100 stones (quivered)
Armour
 c - a +0 robe (worn)
 g - a +0 pair of boots (worn)
 h - a +2 buckler of protection (worn)
 r - a +0 helmet (worn)
Jewellery
 C - a ring of magical power (left hand)
 E - a ring of willpower (right hand)
Wands
 a - a wand of polymorph (9)
 e - a wand of enslavement (8)
 o - a wand of flame (12)
 t - a wand of paralysis (14)
 D - a wand of iceblast (9)
Scrolls
 i - 2 scrolls of blinking
 l - 3 scrolls of remove curse
 n - 7 scrolls of teleportation
 p - a scroll of brand weapon
 s - 3 scrolls of fear
 v - 3 scrolls of enchant weapon {unknown}
 y - a scroll of summoning {unknown}
Potions
 b - 3 potions of attraction {unknown}
 d - 3 potions of curing
 f - 3 potions of heal wounds {unknown}
 j - 2 potions of lignification {unknown}
 k - 3 potions of magic {unknown}
 m - a potion of ambrosia {unknown}
 u - a potion of resistance {unknown}
 w - 2 potions of mutation {unknown}
 x - a potion of brilliance {unknown}
 z - a potion of might {unknown}
 A - a potion of degeneration {unknown}
 B - a potion of berserk rage {unknown}


   Skills:
 + Level 5.3 Fighting
 + Level 4.5 Dodging
 - Level 5.0 Stealth
 - Level 4.0 Shields
 * Level 7.0 Spellcasting
 + Level 5.2 Conjurations
 - Level 1.0 Transmutations
 * Level 9.4 Earth Magic


You had 8 spell levels left.
You knew the following spells:

 Your Spells              Type           Power        Failure   Level
a - Sandblast             Erth           88%          1%          1
b - Passwall              Tmut/Erth      23%          1%          2
c - Stone Arrow           Conj/Erth      72%          1%          3
d - Petrify               Tmut/Erth      28%          11%         4
e - Lee's Rapid Deconstr  Erth           22%          5%          5

Your spell library contained the following spells:

 Spells                   Type           Power        Failure   Level
 Shock                    Conj/Air       68%          3%          1
 Beastly Appendage        Tmut           22%          6%          1
 Wereblood                Tmut           11%          10%         2
 Static Discharge         Conj/Air       17%          10%         3
 Swiftness                Air            7%           14%         2
 Spider Form              Tmut/Pois      4%           22%         3
 Ice Form                 Ice/Tmut       9%           58%         4
 Lightning Bolt           Conj/Air       8%           65%         5
 Airstrike                Air            3%           67%         4
 Blade Hands              Tmut           5%           86%         5


Dungeon Overview and Level Annotations

Branches:
Dungeon (8/15)             Temple (1/1) D:7
   Lair: D:8-11

Altars:
Ashenzari
Cheibriados
Dithmenos
Elyvilon
Fedhas
Gozag
Hepliaklqana
Kikubaaqudgha
Makhleb
Nemelex Xobeh
Okawaru
Qazlal
Ru
Sif Muna
Trog
Uskayaw
Vehumet
Wu Jian
Xom
Yredelemnul
Zin
The Shining One

Shops:
D:4 (   D:6 *

Annotations:
D:8 Harold


Innate Abilities, Weirdness & Mutations

You are resistant to torment.
Your stone body is resilient. (AC +7)
You are immune to poison.
You resist negative energy. (rN+)
You are resistant to electric shocks. (rElec)
You can survive without breathing.
You are immune to petrification.
You are immune to miasma.


Message History

The gnoll barely misses you.
You struggle against the net.
The orc priest casts a cantrip, but nothing happens.
The gnoll hits you but does no damage.
You rip the net and break free!
You block the gnoll's attack.
The orc priest mumbles some strange prayers to Beogh against you.
Beogh smites you!
* * * LOW HITPOINT WARNING * * *
Harold throws a throwing net.
The throwing net hits you.
You become entangled in the net!
You see here a throwing net.
You tear a large gash into the net.
The orc priest invokes the aid of Beogh against you.
Beogh smites you!
* * * LOW HITPOINT WARNING * * *
The orc priest begins to cast a cantrip, but forgets the words!
The gnoll hits you but does no damage.
You struggle against the net.
The orc warrior hits you with a +0 scimitar!
You die...

#..........#............#.....###
..........##...................#.
.........###.........#..#.###....
...........###.....####.#........
##.##...........##..###..........
#.##...............#.#...g..†...
#5.#............g..o.g.#........
................g..g...###.o....
...##.......<..@ooo....##..o....
....##...##.#.......@...#g...g...
..... ..................#....#.#.
#......⌠.⌠...##....###..
..#....._.....#...o####. .
#....⌠.⌠.........#.###
#................#..#
#...................#
...............#...#.


You could see Harold, an orc warrior, 2 orc priests, 4 gnolls and an orc.

Vanquished Creatures
  The ghost of oc3rt the Covert, a novice KoHu of Hepliaklqana (D:7)
  Joseph (D:7)
  A kobold demonologist (D:7)
  Maggie (D:7)
  Grinder (D:5)
  A steam dragon (D:8)
  A water moccasin (D:6)
  2 sky beasts
  An ice beast (D:7)
  3 orc warriors
  3 black bears
  3 ogres
  4 centaurs
  A big kobold (D:7)
  Blork the orc (D:5)
  2 bullfrogs
  3 scorpions
  A howler monkey (D:5)
  A centaur zombie (D:5)
  A quasit (D:5)
  2 orc priests
  2 centaur skeletons (D:5)
  A hound (D:5)
  Jessica (D:3)
  2 orc wizards
  3 worker ants (D:7)
  A hound skeleton (D:7)
  A howler monkey zombie (D:7)
  A worker ant zombie (D:7)
  5 adders
  3 shadow imps
  2 white imps
  2 ufetubi (D:5)
  3 adder skeletons
  4 worms
  A dart slug (D:2)
  4 leopard geckos
  14 orcs
  8 bats
  4 giant cockroaches
  10 goblins
  4 hobgoblins
  6 jackals
  9 kobolds
  4 quokkas
  A ball python (D:3)
  7 frilled lizards
  A leopard gecko skeleton (D:4)
  A quokka skeleton (D:6)
  12 rats
152 creatures vanquished.

Notes
Turn   | Place    | Note
-------+----------+-------------------------------------------
     0 | D:1      | Zeld the Gargoyle Earth Elementalist began the quest for
                  | the Orb.
     0 | D:1      | Reached XP level 1. HP: 10/10 MP: 3/3
     6 | D:1      | Noticed a swamp drake
     6 | D:1      | Noticed a hound
     7 | D:1      | Noticed a black bear
     7 | D:1      | Noticed a salamander
   250 | D:1      | Reached XP level 2. HP: 15/15 MP: 3/5
   253 | D:1      | Reached skill level 1 in Transmutations
   370 | D:1      | Reached skill level 4 in Earth Magic
   625 | D:1      | Reached XP level 3. HP: 20/20 MP: 3/6
   631 | D:1      | Learned a level 2 spell: Passwall
   635 | D:1      | Learned a level 3 spell: Stone Arrow
  1486 | D:2      | Found an ancient bone altar of Kikubaaqudgha.
  1515 | D:2      | Found a snail-covered altar of Cheibriados.
  1533 | D:2      | Reached skill level 1 in Fighting
  1956 | D:2      | Reached XP level 4. HP: 25/25 MP: 5/7
  2020 | D:2      | Found a stormy altar of Qazlal.
  2026 | D:2      | Found a hide-covered altar of Uskayaw.
  2028 | D:2      | Found an ornate altar of the Wu Jian Council.
  2029 | D:2      | Found an iron altar of Okawaru.
  2029 | D:2      | Found a blossoming altar of Fedhas.
  3108 | D:3      | Found a glowing silver altar of Zin.
  3287 | D:3      | Noticed Jessica
  3291 | D:3      | Killed Jessica
  3376 | D:3      | Reached XP level 5. HP: 29/29 MP: 9/9
  4257 | D:2      | Reached skill level 1 in Conjurations
  4658 | D:2      | Found an ancient bone altar of Kikubaaqudgha.
  4663 | D:2      | Found a snail-covered altar of Cheibriados.
  4843 | D:2      | Found a blossoming altar of Fedhas.
  4843 | D:2      | Found an ornate altar of the Wu Jian Council.
  4843 | D:2      | Found a hide-covered altar of Uskayaw.
  4845 | D:2      | Found an iron altar of Okawaru.
  4845 | D:2      | Found a stormy altar of Qazlal.
  5144 | D:4      | Learned a level 4 spell: Petrify
  5168 | D:4      | Reached skill level 1 in Shields
  5179 | D:4      | Reached skill level 5 in Earth Magic
  5179 | D:4      | Reached XP level 6. HP: 35/35 MP: 6/10
  5490 | D:4      | Found Sall's Antique Weapon Emporium.
  5713 | D:5      | Entered Level 5 of the Dungeon
  5799 | D:5      | Noticed Grinder
  5877 | D:5      | Killed Grinder
  5878 | D:5      | Reached XP level 7. HP: 37/40 MP: 5/12
  6107 | D:5      | Noticed Blork the orc
  6108 | D:5      | Reached skill level 6 in Earth Magic
  6114 | D:5      | Killed Blork the orc
  6639 | D:6      | Reached XP level 8. HP: 45/45 MP: 8/14
  6898 | D:6      | Learned a level 5 spell: Lee's Rapid Deconstruction
  7044 | D:6      | Found Plog's Assorted Antiques.
  7048 | D:6      | Bought a scroll of remove curse for 78 gold pieces
  7048 | D:6      | Bought a scroll of identify for 52 gold pieces
  7048 | D:6      | Bought an emerald potion for 23 gold pieces
  7048 | D:6      | Bought a scroll labelled FEISTY OMNEAG for 26 gold pieces
  7048 | D:6      | Bought a blackened bronze wand for 104 gold pieces
  7121 | D:6      | Reached skill level 7 in Earth Magic
  7250 | D:6      | Found a white marble altar of Elyvilon.
  7580 | D:7      | Found a large runed translucent door.
  7580 | D:7      | Found a large runed translucent door.
  7583 | D:7      | Noticed oc3rt's ghost (novice KoHu)
  7593 | D:7      | Found a staircase to the Ecumenical Temple.
  7603 | Temple   | Entered the Ecumenical Temple
  7642 | Temple   | Became a worshipper of Sif Muna the Loreminder
  7735 | D:7      | Reached skill level 5 in Spellcasting
  7900 | D:7      | Reached XP level 9. HP: 52/52 MP: 16/16
  8117 | D:7      | Reached skill level 5 in Stealth
  8550 | D:7      | Killed oc3rt's ghost
  8551 | D:7      | Reached skill level 8 in Earth Magic
  8693 | D:8      | Noticed Joseph
  8820 | D:7      | Killed Joseph
  8953 | D:8      | Noticed Maggie
  9000 | D:7      | Killed Maggie
  9278 | D:8      | Reached skill level 9 in Earth Magic
  9278 | D:8      | Reached XP level 10. HP: 58/58 MP: 13/19
  9279 | D:8      | Reached skill level 5 in Fighting
  9457 | D:8      | Reached * piety under Sif Muna
  9512 | D:8      | Reached skill level 5 in Conjurations
  9609 | D:8      | Noticed a kobold demonologist
  9653 | D:7      | Killed a kobold demonologist
  9832 | D:8      | Found a sparkling altar of Nemelex Xobeh.
  9845 | D:8      | Found a bloodstained altar of Trog.
  9845 | D:8      | Noticed Harold
  9879 | D:8      | Slain by an orc warrior

Illustrated notes

Levels and vault maps discovered:
D:1:      onia_arrival_zoo_common, layout_rooms, glass_columns_c,
          minmay_small_reverse_x
D:2:      layout_loops_corners, kiku_gazebo_pond_becter,
          grunt_temple_overflow_open, cheibriados_altar_1
D:3:      layout_loops_corners, lemuel_crystal_altar, uniq_jessica
D:4:      layout_cave_pools, serial_shops, nicolae_shop_overgrown_old_shop,
          minmay_misc_feat_square, feat_on_display
D:5:      layout_basic, uniq_blork_the_orc, uniq_grinder
D:6:      layout_basic, lemuel_doored_altar, serial_shops,
          nicolae_shop_behind_doors
D:7:      layout_loops_ring, minmay_temple_entry_ruins,
          ebering_ghost_disaster_area
D:8:      layout_cave_pools, nemelex_xobeh_ov_fountains_minmay,
          trog_ov_bears_minmay, erik_lair_dragon, serial_column_ruins,
          column_ruins_columns_straight, column_ruins_grid_1,
          column_ruins_open_tiny, column_ruins_open_medium,
          column_ruins_open_tiny, uniq_maggie, uniq_prince_ribbit1, uniq_harold,
          uniq_joseph
Temple:   jpeg_temple_clearing

Skill      XL: |  1  2  3  4  5  6  7  8  9 10 |
---------------+-------------------------------+-----
Transmutations | 1 |  1.0
Earth Magic    | 4 5 6 7 9 |  9.4
Fighting       | 1 2 3 4 5 |  5.3
Dodging        | 2 3 4 |  4.5
Stealth        | 3 4 5 |  5.0
Conjurations   | 1 2 3 4 5 |  5.2
Spellcasting   | 3 4 5 6 7 |  7.0
Shields        | 1 2 3 4 |  4.0

Action                   |  1- 3 |  4- 6 |  7- 9 | 10-12 || total
-------------------------+-------+-------+-------+-------++-------
Melee: Unarmed           |    34 |   140 |     7 |    18 ||   199
 Cast: Sandblast         |    50 |    63 |    88 |     3 ||   204
       Stone Arrow       |       |     5 |    36 |    29 ||    70
       Passwall          |       |     2 |     1 |       ||     3
  Use: Scroll            |       |       |    11 |       ||    11
Armor: Robe              |    20 |   112 |    27 |    34 ||   193
Dodge: Dodged            |    27 |   130 |    38 |    29 ||   224
Block: Buckler           |     1 |    46 |    16 |    15 ||    78
